 Dungeon Sprint DCSS version 0.31.0-9-g3a7656b989 (webtiles) character file.

Game seed: 7231242277880363169

171 Heoruswealwe the Spear-Bearer (level 5, -4/52 HPs)
             Began as a Minotaur Fighter on Feb 2, 2024.
             Was an Initiate of Gozag.
             Slain by a troll (7 damage)
             ... in the Dungeon (Sprint IX: "|||||||||||||||||||||||||||||").
             The game lasted 00:02:05 (140 turns).

Heoruswealwe the Spear-Bearer (Minotaur Fighter)     Turns: 140, Time: 00:02:06

Health: -4/52      AC: 14    Str: 26    XL:     5   Next: 26%
Magic:  4/4        EV: 11    Int:  5    God:    Gozag
Gold:   0          SH:  0    Dex:  9    Spells: 4/4 levels left

rFire   . . .        b - +2 halberd (protect)
rCold   . . .        (shield currently unavailable)
rNeg    . . .        c - +1 chain mail
rPois   .            (helmet restricted)
rElec   .            h - +0 cloak
rCorr   .            (no gloves)
SInv    .            e - +0 pair of boots
Will    .....        (no amulet) Stlth
                     k - +3 ring of strength
HPRegen 0.28/turn    j - +2 ring of evasion
MPRegen 0.09/turn

%: no teleportation
@: gold aura
A: horns 2, retaliatory headbutt
a: Renounce Religion, Potion Petition, Call Merchant, Bribe Branch


You were in the Dungeon.
You worshipped Gozag.
Gozag was noncommittal.
You visited 1 branch

Inventory:

Hand Weapons
 a - a +0 trident
 b - a +2 halberd of protection (weapon)
Armour
 c - a +1 chain mail (worn)
 d - a +0 buckler
 e - a +0 pair of boots (worn)
 h - a +0 cloak (worn)
Jewellery
 j - a +2 ring of evasion (right hand)
 k - a +3 ring of strength (left hand)
Wands
 m - a wand of roots (10)
Scrolls
 i - 2 scrolls of blinking
Potions
 f - a potion of heal wounds
 g - a potion of haste
 l - 5 potions of curing
 n - a potion of might
 o - a potion of berserk rage


   Skills:
 + Level 7.4 Fighting
 * Level 9.4 Polearms
 + Level 7.4 Armour
 - Level 3.6 Shields


You had 4 spell levels left.
You didn't know any spells.
Your spell library was empty.

Dungeon Overview and Level Annotations

Branches:
Dungeon (1/1)

Altars:
Cheibriados
Dithmenos
Elyvilon
Fedhas
Gozag
Hepliaklqana
Kikubaaqudgha
Makhleb
Nemelex Xobeh
Okawaru
Qazlal
Ru
Sif Muna
Trog
Uskayaw
Vehumet
Wu Jian
Xom
Yredelemnul
Zin
The Shining One
Jiyva
Lugonu


Innate Abilities, Weirdness & Mutations

You have a pair of horns on your head.
You reflexively headbutt those who attack you in melee.


Message History

You closely miss the troll. The troll bites you but does no damage.
The troll claws you but does no damage. The troll claws you!
You barely miss the troll.
The two-headed ogre is no longer distracted by gold.
The troll is distracted by your dazzling golden aura.
The troll shouts!
You hit the troll.
The troll is no longer distracted by gold.
You headbutt the troll!
The troll is moderately wounded.
The two-headed ogre is distracted by your dazzling golden aura.
The troll bites you!
* * * LOW HITPOINT WARNING * * *
The troll claws you but does no damage. x2
The two-headed ogre shouts in stereo!
You puncture the troll!
The troll is heavily wounded.
The troll barely misses you.
The troll claws you but does no damage. x2
You feel much better.
The centaur is distracted by your dazzling golden aura.
The troll bites you!
The troll claws you but does no damage. x2
You closely miss the troll.
The troll is heavily wounded.
The centaur shouts!
The two-headed ogre is no longer distracted by gold.
The troll bites you! The troll claws you but does no damage.
The troll claws you.
You closely miss the troll.
The troll is heavily wounded.
The troll bites you but does no damage.
The troll claws you but does no damage. x2
You barely miss the troll. You headbutt the troll!
The troll is almost dead.
The centaur is no longer distracted by gold.
The troll bites you!
* * * LOW HITPOINT WARNING * * *
The troll claws you.
* * * LOW HITPOINT WARNING * * *
The troll claws you!
You die...
Your body crumbles into a pile of gold.

▓!▓
▓?▓
▓)▓
▓[▓
▓.▓
▓.▓
▓.▓
▓.▓
▓@▓
▓T▓
▓c▓
▓{▓
▓O▓
▓{▓
▓.▓
▓.▓


You could see a two-headed ogre, a troll and a centaur.

Vanquished Creatures
  A vampire mosquito (D)
  A bombardier beetle (D)
  A dart slug (D)
  3 orcs (D)
  2 goblins (D)
  2 hobgoblins (D)
  A bat (D)
11 creatures vanquished.

Notes
Turn   | Place    | Note
-------+----------+-------------------------------------------
     0 | D        | Heoruswealwe the Minotaur Fighter began the quest for the
                  | Orb.
     0 | D        | Reached XP level 1. HP: 19/19 MP: 0/0
     7 | D        | Reached skill level 3 in Polearms
    32 | D        | Noticed a bombardier beetle
    35 | D        | Killed a bombardier beetle
    36 | D        | Reached skill level 5 in Fighting
    36 | D        | Reached skill level 5 in Polearms
    36 | D        | Reached skill level 5 in Armour
    36 | D        | Reached XP level 2. HP: 18/29 MP: 1/1
    36 | D        | Reached XP level 3. HP: 23/36 MP: 2/2
    39 | D        | Reached skill level 6 in Polearms
    50 | D        | Found a snail-covered altar of Cheibriados.
    50 | D        | Found a shadowy altar of Dithmenos.
    50 | D        | Found a white marble altar of Elyvilon.
    50 | D        | Found a blossoming altar of Fedhas.
    50 | D        | Found an opulent altar of Gozag.
    51 | D        | Found a hazy altar of Hepliaklqana.
    52 | D        | Found a viscous altar of Jiyva.
    53 | D        | Found an ancient bone altar of Kikubaaqudgha.
    54 | D        | Found a corrupted altar of Lugonu.
    55 | D        | Found a burning altar of Makhleb.
    56 | D        | Found a sparkling altar of Nemelex Xobeh.
    57 | D        | Found an iron altar of Okawaru.
    58 | D        | Became a worshipper of Gozag Ym Sagoz the Greedy
    59 | D        | Found a stormy altar of Qazlal.
    60 | D        | Found a sacrificial altar of Ru.
    61 | D        | Found a shimmering blue altar of Sif Muna.
    62 | D        | Found a bloodstained altar of Trog.
    63 | D        | Found a hide-covered altar of Uskayaw.
    64 | D        | Found a radiant altar of Vehumet.
    65 | D        | Found an ornate altar of the Wu Jian Council.
    66 | D        | Found a shimmering altar of Xom.
    67 | D        | Found a basalt altar of Yredelemnul.
    68 | D        | Found a glowing silver altar of Zin.
    69 | D        | Found a glowing golden altar of the Shining One.
   126 | D        | Noticed a vampire mosquito
   126 | D        | Noticed a troll
   126 | D        | Noticed a centaur
   126 | D        | Noticed a two-headed ogre
   132 | D        | Killed a vampire mosquito
   133 | D        | Reached skill level 9 in Polearms
   133 | D        | Reached XP level 4. HP: 32/47 MP: 3/3
   133 | D        | Reached XP level 5. HP: 35/52 MP: 4/4
   140 | D        | Slain by a troll

Illustrated notes

Levels and vault maps discovered:
D:        linesprint [early_d, line_temple, items_1, d_10, items_2, lair_1,
          lair_end, items_3, orc_1, orc_end, items_4, d_15, swamp_1, shoals_1,
          snake_1, spider_1, d_20, vaults_1, items_5, swamp_end, shoals_end,
          snake_end, spider_end, vaults_end, d_27, items_6, zot_1, zot_end,
          crypt_end, forest_end, elf_end, slime_end, tomb_end, abyss_end,
          pan_hell_end]

Skill      XL: |  1  2  3 |
---------------+----------+-----
Polearms       | 5 9 |  9.4
Fighting       | 5 7 |  7.4
Armour         | 5 7 |  7.4
Shields        | |  3.6

Action                     |  1- 3 |  4- 6 || total
---------------------------+-------+-------++-------
  Melee: Trident           |    28 |       ||    28
         Headbutt          |     4 |     2 ||     6
         Halberd           |     6 |     7 ||    13
    Use: Potion            |     1 |     1 ||     2
 Armour: Scale mail        |    13 |       ||    13
         Chain mail        |     7 |    20 ||    27
  Dodge: Dodged            |    12 |     1 ||    13
  Block: Buckler           |     4 |       ||     4
